 Dungeon Crawl Stone Soup version 0.31-a0-220-gc2f4f3cf83 (webtiles) character file.

Game seed: 5497001291666352080

101 qw the Shooter (level 4, 0/36 HPs)
             Began as a Minotaur Hexslinger on July 3, 2023.
             Slain by an orc wizard
             ... wielding a +0 dagger
              (3 damage)
             ... on level 2 of the Dungeon.
             The game lasted 00:01:00 (1740 turns).

qw the Shooter (Minotaur Hexslinger)                Turns: 1740, Time: 00:01:01

Health: 0/36       AC:  6    Str: 12    XL:     4   Next: 48%
Magic:  4/4        EV: 11    Int: 10    God:
Gold:   111        SH:  0    Dex: 15    Spells: 4/5 levels left

rFire   . . .        Y - +3 sling
rCold   . . .        (no shield)
rNeg    . . .        f - +0 ring mail
rPois   .            e - +1 hat
rElec   .            (no cloak)
rCorr   .            (no gloves)
SInv    .            (no boots)
Will    .....        (no amulet)
Stlth   +            (no ring)
HPRegen 0.26/turn    (no ring)
MPRegen 0.09/turn

%: no passive effects
@: no status effects
A: horns 2, retaliatory headbutt
a: no special abilities


You were on level 2 of the Dungeon.
You visited 1 branch of the dungeon, and saw 3 of its levels.

You collected 111 gold pieces.


Innate Abilities, Weirdness & Mutations

You have a pair of horns on your head.
You reflexively headbutt those who attack you in melee.


   Skills:
 - Level 2.0 Fighting
 + Level 4.9 Ranged Weapons
 - Level 1.0 Armour
 - Level 2.1 Dodging
 - Level 1.0 Spellcasting
 - Level 2.0 Hexes


You had 4 spell levels left.
You knew the following spells:

 Your Spells              Type           Power      Damage    Failure   Level
a - Slow                  Hex            16%        N/A       34%         1

Your spell library contained the following spells:

 Spells                   Type           Power      Damage    Failure   Level
 Inner Flame              Hex/Fire       2%         N/A       83%         3
 Portal Projectile        Hex/Tloc       4%         N/A       83%         3
 Cause Fear               Hex            2%         N/A       98%         4

Inventory:

Hand Weapons
 Y - a +3 sling (weapon)
Armour
 e - a +1 hat (worn)
 f - a +0 ring mail (worn)
Scrolls
 g - a scroll of identify
Potions
 c - a potion of might
 j - a potion of invisibility {unknown}
 k - a potion of curing {unknown}
 l - a potion of resistance {unknown}

Dungeon Overview and Level Annotations

Branches:
Dungeon (3/15)

Altars:
Zin


Message History

You shoot a sling bullet.
The sling bullet closely misses the orc wizard.
You shoot a sling bullet. The sling bullet hits the orc wizard.
The orc wizard is moderately wounded.
You shoot a sling bullet.
The sling bullet closely misses the orc wizard.
The orc wizard hits you with a +0 dagger.
You shoot a sling bullet.
The sling bullet barely misses the orc wizard.
The orc wizard casts a spell at you. The puff of flame hits you!
The orc hits you with a +0 short sword. The orc barely misses you.
You furiously retaliate!
You headbutt the orc.
You kill the orc!
The orc wizard points at you and mumbles some strange words.
You are confused.
The orc wizard casts a spell at you. The magic dart hits you!
The orc wizard barely misses you. The orc wizard misses you.
The orc wizard points at you and mumbles some strange words.
The magic dart hits you.
You feel less confused.
The orc wizard hits you with a +0 dagger.
1736 ||| STAIRDANCE The orc wizard hits you but does no damage.
You climb upwards.
There is a stone staircase leading down here.
Things that are here:
a potion of magic; a potion of berserk rage You shoot a sling bullet.
The sling bullet hits the orc wizard.
The orc wizard is heavily wounded.
The orc wizard hits you with a +0 dagger.
You shoot a sling bullet.
The sling bullet barely misses the orc wizard.
The orc wizard hits you with a +0 dagger.
The orc wizard hits you but does no damage.
You shoot a sling bullet. The sling bullet hits the orc wizard.
The orc wizard is almost dead.
The orc wizard hits you with a +0 dagger.
You die...

.....................## ##..#####
.)...........#.#.#..## #.......
).......##.....#...## #..#....
..........##...###.########......
#####............................
......#......#.###.##########....
#######.....^#.# #.# ##...
.............#.###.##### ##..
#######.........@o.....# ###
#.......%.......)#
#................#
#######..........#
####..........# ####.......)..#
####...!......# ####.)........#
####..........#


You could see an orc wizard.

Vanquished Creatures
  An adder (D:2)
  4 worms
  2 dart slugs
  4 orcs (D:3)
  8 bats
  8 endoplasms
  5 giant cockroaches
  5 goblins
  5 hobgoblins
  5 quokkas
  9 ball pythons
  A frilled lizard (D:2)
  5 kobolds
  6 rats
68 creatures vanquished.

Notes
Turn   | Place    | Note
-------+----------+-------------------------------------------
     0 | D:1      | qw the Minotaur Hexslinger began the quest for the Orb.
     0 | D:1      | Reached XP level 1. HP: 16/16 MP: 1/1
     0 | D:1      | 0 ||| qw: Version: 0.3-a-40-ge99b1a8
     0 | D:1      | 0 ||| qw: Game counter: 464
     0 | D:1      | 0 ||| qw: Melee chars always use a shield: true
     0 | D:1      | 0 ||| qw: God list: Okawaru
     0 | D:1      | 0 ||| qw: Allow faded altars: false
     0 | D:1      | 0 ||| qw: Do Orc after clearing Dungeon:15 true
     0 | D:1      | 0 ||| qw: Do second Lair branch before Depths: true
     0 | D:1      | 0 ||| qw: Lair rune preference: random
     0 | D:1      | 0 ||| qw: Goals: Normal
     0 | D:1      | 0 ||| PLANNING D:1-11
   206 | D:1      | Reached skill level 3 in Ranged Weapons
   210 | D:1      | Reached XP level 2. HP: 21/23 MP: 2/2
   248 | D:1      | You fall into a shaft and drop 1 floor!
   265 | D:2      | 265 ||| UPGRADING to +1 hat.
   270 | D:2      | 270 ||| UPGRADING to +0 ring mail.
   280 | D:2      | 280 ||| DROPPING +0 robe.
   281 | D:2      | 281 ||| READING scroll labelled JICLYL UDUPUIR.
   282 | D:2      | 282 ||| READING scroll labelled GIJ TIASTEAMAB.
   283 | D:2      | 283 ||| DROPPING scroll of poison.
   570 | D:1      | Reached XP level 3. HP: 29/29 MP: 3/3
   892 | D:1      | 892 ||| READING scroll labelled HADOKA QOWUOJ.
   893 | D:1      | 893 ||| READING scroll labelled LIM MOITWESAXT.
   894 | D:1      | 894 ||| READING scroll labelled JEIDUO WALUI.
   947 | D:2      | Reached skill level 4 in Ranged Weapons
   947 | D:2      | 947 ||| FLEEEEING.
   948 | D:2      | 948 ||| FLEEEEING.
   949 | D:2      | 949 ||| FLEEEEING.
   950 | D:2      | 950 ||| FLEEEEING.
   951 | D:2      | 951 ||| FLEEEEING.
   952 | D:2      | 952 ||| STAIRDANCE
   990 | D:2      | 990 ||| STAIRDANCE
  1028 | D:2      | Reached skill level 1 in Armour
  1048 | D:2      | Found a glowing silver altar of Zin.
  1055 | D:2      | 1055 ||| READING scroll of enchant weapon.
  1055 | D:2      | 1055 ||| ENCHANTING +2 sling.
  1204 | D:2      | Reached XP level 4. HP: 36/36 MP: 4/4
  1343 | D:2      | 1343 ||| READING scroll labelled YSOJIUQOLA.
  1344 | D:2      | 1344 ||| READING scroll labelled ELENLU ZIUK.
  1345 | D:2      | 1345 ||| READING 3 scrolls of identify.
  1345 | D:2      | 1345 ||| IDENTIFYING silvery potion
  1346 | D:2      | 1346 ||| READING 2 scrolls of identify.
  1346 | D:2      | 1346 ||| IDENTIFYING clear potion
  1347 | D:2      | 1347 ||| DROPPING potion of brilliance.
  1362 | D:3      | 1362 ||| STAIRDANCE
  1509 | D:3      | 1509 ||| FLEEEEING.
  1514 | D:3      | 1514 ||| FLEEEEING.
  1515 | D:3      | HP: 9/36 [something/puff of flame (5)]
  1516 | D:3      | 1516 ||| FLEEEEING.
  1517 | D:3      | 1517 ||| FLEEEEING.
  1518 | D:3      | 1518 ||| FLEEEEING.
  1519 | D:3      | 1519 ||| FLEEEEING.
  1520 | D:3      | 1520 ||| FLEEEEING.
  1531 | D:3      | 1531 ||| FLEEEEING.
  1537 | D:3      | 1537 ||| FLEEEEING.
  1538 | D:3      | 1538 ||| FLEEEEING.
  1539 | D:3      | 1539 ||| FLEEEEING.
  1540 | D:3      | 1540 ||| FLEEEEING.
  1541 | D:3      | 1541 ||| FLEEEEING.
  1545 | D:3      | 1545 ||| FLEEEEING.
  1549 | D:3      | 1549 ||| STAIRDANCE
  1619 | D:2      | 1619 ||| READING scroll labelled DESMIN EGOE.
  1720 | D:2      | 1720 ||| READING 3 scrolls of identify.
  1720 | D:2      | 1720 ||| IDENTIFYING fizzy silvery potion
  1721 | D:2      | 1721 ||| READING 2 scrolls of identify.
  1721 | D:2      | 1721 ||| IDENTIFYING fizzy red potion
  1722 | D:2      | 1722 ||| DROPPING potion of berserk rage.
  1723 | D:2      | 1723 ||| DROPPING potion of magic.
  1734 | D:3      | HP: 9/36 [orc wizard/magic dart (6)]
  1736 | D:3      | 1736 ||| STAIRDANCE
  1738 | D:2      | HP: 4/36 [orc wizard/+0 dagger (2)]
  1740 | D:2      | Slain by an orc wizard

Levels and vault maps discovered:
D:1:      minmay_arrival_semitransparent, layout_basic,
          minmay_misc_feat_nine_boxes, minmay_pentomino_q4
D:2:      layout_rooms, basic_altar
D:3:      layout_rooms, cheibrodos_worm_habitat, grunt_ministairs_5

Skill      XL: |  1  2  3 |
---------------+----------+-----
Ranged Weapons | 3 4 |  4.9
Fighting       | 2 |  2.0
Armour         | 1 |  1.0
Dodging        | |  2.1
Spellcasting   | |  1.0
Hexes          | |  2.0

Action                     |  1- 3 |  4- 6 || total
---------------------------+-------+-------++-------
   Fire: Sling             |   117 |    57 ||   174
    Use: Scroll            |     6 |     7 ||    13
 Armour: Robe              |     2 |       ||     2
         Ring mail         |     5 |    10 ||    15
  Dodge: Dodged            |    27 |    23 ||    50

Table legend:
 A = Non-vault XP
 B = Vault XP
 C = Vault XP percentage of total XP
 D = Non-vault monster count
 E = Vault monster count
 F = Vault count percentage of total count
                 A         B        C        D         E       F
            +---------+---------+-------+---------+---------+-------
      Total |     137 |       8 |   5.5 |      64 |       4 |   5.9
            +---------+---------+-------+---------+---------+-------
        D:1 |      46 |       4 |   8.0 |      29 |       2 |   6.5
        D:2 |      50 |       2 |   3.8 |      20 |       1 |   4.8
        D:3 |      41 |       2 |   4.7 |      15 |       1 |   6.2
            +---------+---------+-------+---------+---------+-------
